 Dungeon Crawl Stone Soup version 0.29.1-2-gbd0b4ee654 (webtiles) character file.

Game seed: 1523285767618743383

13805 hawla the Thaumaturge (level 12, -11/103 HPs)
             Began as a Meteoran Ice Elementalist on Oct 25, 2022.
             Was an Initiate of Vehumet.
             Mangled by a boulder beetle (55 damage)
             ... on level 12 of the Dungeon.
             The game lasted 00:35:20 (6978 turns).

hawla the Thaumaturge (Meteoran Ice Elementalist)   Turns: 6978, Time: 00:35:23

Health: -11/103    AC:  5    Str:  7    XL:     12   Next: 69%
Magic:  30/30      EV: 16    Int: 34    God:    Vehumet [......]
Gold:   578        SH:  5    Dex: 20    Spells: 29/37 levels left

rFire   . . .      SeeInvis .   q - +6 dagger "Zaaheegu Mygh" {freeze, rC+ Int+5}
rCold   + . .      Faith    .   (no shield)
rNeg    . . .      Spirit   .   m - +0 robe "Carydux" {rPois Will++ Str-2 Int+5}
rPois   +          Reflect  +   (no helmet)
rElec   .          Harm     .   (no cloak)
rCorr   .          Rampage  .   C - +0 pair of gloves
Will    +++..                   o - +1 pair of boots
Stlth   +.........              O - amulet of reflection
HPRegen 0.27/turn               i - +4 ring of slaying
MPRegen 0.22/turn               r - +6 ring of dexterity

@: glowing
A: sense surroundings 2, otherworldly, glowing, explore regen, robust 1
a: Renounce Religion


You were on level 12 of the Dungeon.
You worshipped Vehumet.
Vehumet was noncommittal.
You visited 2 branches of the dungeon, and saw 13 of its levels.
You also visited: Bailey.

You collected 578 gold pieces.

Inventory:

Hand Weapons
 q - the +6 dagger "Zaaheegu Mygh" (weapon) {freeze, rC+ Int+5}
   (You found it on level 5 of the Dungeon)

   It freezes those it strikes, dealing additional cold damage.
   It can also slow down cold-blooded creatures.
   Int:       It affects your intelligence (+5).
   rC:        It protects you from cold.
 u - a +0 quarterstaff of electrocution
 H - the +0 trident of the Big Bang {elec, *Rage Will++ Dex+4 Stlth+}
   (You found it on level 9 of the Dungeon)

   It occasionally discharges a powerful burst of electricity upon striking a
   foe.
   Dex:       It affects your dexterity (+4).
   *Rage:     It berserks you when you make melee attacks (+20% chance).
   Will:      It greatly increases your willpower.
   Stlth:     It makes you more stealthy.
Armour
 m - the +0 robe "Carydux" (worn) {rPois Will++ Str-2 Int+5}
   (You found it on level 2 of the Dungeon)

   Str:       It affects your strength (-2).
   Int:       It affects your intelligence (+5).
   rPois:     It protects you from poison.
   Will:      It greatly increases your willpower.
 o - a +1 pair of boots (worn)
 C - a +0 pair of gloves (worn)
 E - a +2 robe of fire resistance
Magical Staves
 h - a staff of conjuration
 l - a staff of poison
 K - a staff of air
Jewellery
 e - an amulet of regeneration
 i - a +4 ring of slaying (left hand)
 r - a +6 ring of dexterity (right hand)
 D - a ring of resist corrosion
 N - an amulet of the acrobat
 O - an amulet of reflection (around neck)
Wands
 s - a wand of digging (2)
 y - a wand of quicksilver (2) (quivered)
 G - a wand of flame (9)
Scrolls
 d - a scroll of brand weapon
 t - 3 scrolls of teleportation
 v - a scroll of blinking
 A - a scroll of vulnerability
 B - 4 scrolls of fear
 F - a scroll of butterflies
 I - a scroll of silence
 L - 4 scrolls of magic mapping
 M - a scroll of noise {unknown}
Potions
 a - a potion of ambrosia
 b - 2 potions of magic
 c - 3 potions of curing
 f - 3 potions of heal wounds
 j - 3 potions of lignification
 k - 2 potions of attraction
 p - 4 potions of haste
 w - 2 potions of brilliance
 x - 2 potions of cancellation
 z - 4 potions of might
 J - a potion of degeneration
 P - 2 potions of berserk rage {unknown}


   Skills:
 + Level 5.6 Fighting
 + Level 7.0 Short Blades
 + Level 2.3 Staves
 + Level 6.3 Dodging
 - Level 1.4 Stealth
 + Level 13.3 Spellcasting
 + Level 4.0 Conjurations
 + Level 13.0 Ice Magic
 + Level 2.0 Poison Magic
 + Level 2.9 Evocations


You had 29 spell levels left.
You knew the following spells:

 Your Spells              Type           Power      Damage    Failure   Level
a - Freeze                Ice            100%       1d11      0%          1
b - Frozen Ramparts       Ice            100%       1d16      1%          3
c - Hailstorm             Conj/Ice       69%        3d14      1%          4

Your spell library contained the following spells:

 Spells                   Type           Power      Damage    Failure   Level
 Sandblast                Erth           44%        2d11      1%          1
 Shock                    Conj/Air       100%       1d9       1%          1
 Ozocubu's Armour         Ice            84%        N/A       1%          3
 Passwall                 Tmut/Erth      18%        N/A       2%          2
 Stone Arrow              Conj/Erth      72%        3d11      2%          3


Dungeon Overview and Level Annotations

Branches:
Dungeon (12/15) Zot: 526   Temple (1/1) D:4 Zot: 552    Lair (0/5) D:10
    Orc (0/2) D:12         Bailey (visited)

Altars:
Ashenzari
Cheibriados
Dithmenos
Gozag
Kikubaaqudgha
Makhleb
Nemelex Xobeh
Okawaru
Qazlal
Ru
Sif Muna
Trog
Uskayaw
Vehumet
Wu Jian
Xom
Zin
The Shining One

Annotations:
D:10 1 transporter


Innate Abilities, Weirdness & Mutations

You passively map the area around you.
You are easily found by Zot.
You glow in the dark.
You regain HP and MP as you explore.
You are robust. (+10% HP)


Message History

8 poisoned darts; a +0 dagger You see here a +0 plate armour.
There is an escape hatch in the ceiling here.
There is a stone staircase leading down here.
You climb downwards.
There is a stone staircase leading up here.
There is an open door here.
There is a stone staircase leading down here.
You climb downwards.
There is a stone staircase leading up here.
t - 3 scrolls of teleportation (gained 1)
A boulder beetle comes into view.
Okay, then.
Okay, then.
Really read the scroll of torment?
As you read the scroll of torment, it crumbles to dust.
Your body is wracked with pain!
The boulder beetle convulses!
Really read the scroll of torment?
As you read the scroll of torment, it crumbles to dust.
Your body is wracked with pain!
* * * LOW HITPOINT WARNING * * *
The boulder beetle convulses!
The boulder beetle leaps!
Unknown command.
Aiming: Throw Flame
Press: ? - help, Shift-Dir - straight line, f - boulder beetle
Aim: a boulder beetle (severely wounded, 100% to hit)
The puff of flame hits the boulder beetle but does no damage.
The boulder beetle is severely wounded.
The boulder beetle curls into a ball and begins rolling!
Unknown command.
As you read the scroll labelled FAWAOTHROPHAI, it crumbles to dust.
It is a scroll of enchant armour.
Your +0 pair of boots glows green for a moment.
Blink to where?
Press: ? - help, Dir - move target, p - boulder beetle A gargoyle comes into view.
It is wielding a +0 flail.
As you read the scroll of blinking, it crumbles to dust.
The boulder beetle hits you!!!
Ouch! That really hurt!
You die...

##..........................#
. ..... .......§............#
#. *
,,....................##.. ,
........................ * ,
........................ * *
......................#. *
,,, ......○...............##
, , ,
.....°.B..............## ,
.......@..............## * ,
, ......................)# ,
.......................# , ,
, .....................))# ,
, , .....................).#
, .......................# ,
, ....9................... ,
, ........................ ,
, , ..........


You could see a boulder beetle (rolling) and a gargoyle.

Vanquished Creatures
  A hydra (D:11)
  2 vault guards (Bailey)
  An ogre mage (D:11)
  A two-headed ogre (D:10)
  Pikel (D:6)
  A deep elf pyromancer (D:11)
  Psyche (D:11)
  4 kobold demonologists (D:12)
  2 komodo dragons (D:10)
  A troll (D:12)
  Prince Ribbit (Bailey)
  A water elemental (D:11)
  A shadow (D:9)
  14 yaks
  7 humans (Bailey)
  3 basilisks
  Edmund (D:6)
  2 water moccasins
  2 acid dragons (D:10)
  3 orc warriors
  An ogre (D:6)
  2 lemures (D:6)
  A phantom (D:3)
  9 centaurs
  3 kobold brigands
  2 scorpions (D:6)
  11 bullfrogs
  A gnoll sergeant (D:9)
  4 wights (D:10)
  3 howler monkeys (D:8)
  2 jellies (D:5)
  3 orc priests
  A gnoll bouda (D:7)
  5 hounds
  2 iguanas (D:5)
  Jessica (D:3)
  9 orc wizards
  7 adders
  24 gnolls
  A shadow imp (D:8)
  A white imp (D:6)
  3 worms
  A dart slug (D:2)
  42 orcs
  7 ball pythons
  2 endoplasms (D:2)
  2 giant cockroaches
  13 goblins
  15 hobgoblins
  2 quokkas
  4 bats (D:2)
  3 frilled lizards (D:2)
  17 kobolds
  3 rats
257 creatures vanquished.

Vanquished Creatures (others)
  An orc wizard (D:8)
1 creature vanquished.

Grand Total: 258 creatures vanquished

Notes
Turn   | Place    | Note
-------+----------+-------------------------------------------
     0 | D:1      | hawla the Meteoran Ice Elementalist began the quest for the
                  | Orb.
     0 | D:1      | Reached XP level 1. HP: 14/14 MP: 5/5
    33 | D:1      | Reached XP level 2. HP: 10/20 MP: 4/6
   448 | D:1      | Found a faded altar of an unknown god.
   451 | D:1      | Got Plato's Tome of the Salvo
   471 | D:1      | Reached XP level 3. HP: 23/26 MP: 5/8
   475 | D:1      | Learned a level 3 spell: Frozen Ramparts
   500 | D:1      | Glimpsed the power of Zot.
   578 | D:2      | Reached skill level 1 in Conjurations
   578 | D:2      | Reached skill level 1 in Evocations
   614 | D:2      | Identified the +0 robe "Carydux" {rPois Will++ Str-2 Int+5}
   643 | D:2      | Reached XP level 4. HP: 31/33 MP: 6/9
   765 | D:2      | Reached skill level 5 in Ice Magic
  1074 | D:2      | Reached XP level 5. HP: 37/38 MP: 9/11
  1096 | D:2      | Glimpsed the power of Zot.
  1147 | D:3      | Noticed Jessica
  1153 | D:3      | Killed Jessica
  1242 | D:3      | Noticed a phantom
  1263 | D:3      | Killed a phantom
  1264 | D:3      | Reached skill level 1 in Staves
  1264 | D:3      | Reached XP level 6. HP: 41/46 MP: 11/13
  1331 | D:3      | You fall into a shaft and drop 2 floors!
  1331 | D:5      | Entered Level 5 of the Dungeon
  1347 | D:5      | Identified the +6 dagger "Zaaheegu Mygh" {freeze, rC+
                  | Int+5}
  1468 | D:5      | Reached skill level 1 in Poison Magic
  1478 | D:5      | Reached XP level 7. HP: 29/51 MP: 14/14
  1621 | D:5      | Found a snail-covered altar of Cheibriados.
  1856 | D:5      | Reached skill level 1 in Fighting
  1894 | D:5      | Reached skill level 5 in Spellcasting
  2072 | D:6      | Noticed Edmund
  2079 | D:6      | Reached skill level 1 in Short Blades
  2079 | D:6      | Reached XP level 8. HP: 56/59 MP: 12/16
  2085 | D:6      | Killed Edmund
  2097 | D:6      | Learned a level 4 spell: Hailstorm
  2292 | D:6      | Found a hide-covered altar of Uskayaw.
  2295 | D:6      | Noticed Pikel
  2305 | D:6      | Killed Pikel
  2306 | D:6      | Gained mutation: You passively map the area around you.
                  | [Meteoran growth]
  2306 | D:6      | Reached XP level 9. HP: 56/67 MP: 6/20
  2758 | D:7      | Found a stormy altar of Qazlal.
  3208 | D:7      | Found a sparkling altar of Nemelex Xobeh.
  3497 | D:7      | Glimpsed the power of Zot.
  3653 | D:8      | Found a flagged portal.
  3662 | Bailey   | Entered a bailey
  3682 | Bailey   | Reached XP level 10. HP: 39/77 MP: 19/23
  3720 | Bailey   | Noticed Prince Ribbit
  3722 | Bailey   | Reached skill level 10 in Ice Magic
  3730 | Bailey   | Killed Prince Ribbit
  3741 | Bailey   | Noticed a vault guard
  3769 | Bailey   | Killed a vault guard
  3770 | Bailey   | Reached skill level 10 in Spellcasting
  3872 | Bailey   | Noticed a vault guard
  3877 | Bailey   | Killed a vault guard
  3878 | Bailey   | Reached skill level 5 in Dodging
  3878 | Bailey   | Reached XP level 11. HP: 79/85 MP: 11/26
  4108 | D:8      | Found a shimmering blue altar of Sif Muna.
  4336 | D:8      | Glimpsed the power of Zot.
  4351 | D:9      | Gained mutation: You have a pair of small horns on your
                  | head. [potion of mutation]
  4351 | D:9      | Gained mutation: You are weak. (Str -2) [potion of
                  | mutation]
  4352 | D:9      | Lost mutation: You have a pair of small horns on your head.
                  | [potion of mutation]
  4352 | D:9      | Lost mutation: You are weak. (Str -2) [potion of mutation]
  4352 | D:9      | Gained mutation: Your body sometimes deteriorates upon
                  | taking damage. [potion of mutation]
  4352 | D:9      | Gained mutation: You have a pair of small horns on your
                  | head. [potion of mutation]
  4352 | D:9      | Gained mutation: You have a beak for a mouth. [potion of
                  | mutation]
  4353 | D:9      | Lost mutation: Your body sometimes deteriorates upon taking
                  | damage. [potion of mutation]
  4353 | D:9      | Lost mutation: You have a pair of small horns on your head.
                  | [potion of mutation]
  4353 | D:9      | Lost mutation: You have a beak for a mouth. [potion of
                  | mutation]
  4353 | D:9      | Gained mutation: You are robust. (+10% HP) [potion of
                  | mutation]
  4353 | D:9      | Gained mutation: You do not regenerate when monsters are
                  | visible. [potion of mutation]
  4353 | D:9      | Gained mutation: You have very sharp teeth. [potion of
                  | mutation]
  4354 | D:9      | Lost mutation: You are robust. (+10% HP) [potion of
                  | mutation]
  4354 | D:9      | Lost mutation: You have very sharp teeth. [potion of
                  | mutation]
  4354 | D:9      | Lost mutation: You do not regenerate when monsters are
                  | visible. [potion of mutation]
  4354 | D:9      | Gained mutation: You are robust. (+10% HP) [potion of
                  | mutation]
  4396 | D:9      | Reached skill level 5 in Short Blades
  4892 | D:9      | Identified the +0 trident of the Big Bang {elec, *Rage
                  | Will++ Dex+4 Stlth+}
  4946 | D:9      | Glimpsed the power of Zot.
  4996 | D:9      | Glimpsed the power of Zot.
  5036 | D:9      | Glimpsed the power of Zot.
  5043 | D:10     | Entered Level 10 of the Dungeon
  5058 | D:10     | Reached skill level 5 in Fighting
  5132 | D:10     | Found a staircase to the Lair.
  5206 | D:10     | Noticed a two-headed ogre
  5214 | D:10     | Killed a two-headed ogre
  5392 | D:10     | Found a transporter.
  5461 | D:10     | Reached XP level 12. HP: 92/103 MP: 14/29
  5505 | D:10     | Found a shadowy altar of Dithmenos.
  5511 | D:10     | Found a shimmering altar of Xom.
  5513 | D:10     | Found a broken altar of Ashenzari.
  5520 | D:10     | Found a glowing silver altar of Zin.
  5526 | D:10     | Found a burning altar of Makhleb.
  5556 | D:10     | Glimpsed the power of Zot.
  5606 | D:10     | Glimpsed the power of Zot.
  5654 | D:11     | Noticed a deep elf pyromancer
  5665 | D:11     | Killed a deep elf pyromancer
  5910 | D:11     | Noticed Psyche
  5917 | D:11     | Killed Psyche
  5996 | D:11     | Noticed a six-headed hydra
  6004 | D:11     | Killed a six-headed hydra
  6012 | D:11     | Noticed an ogre mage
  6017 | D:11     | Killed an ogre mage
  6022 | D:11     | Noticed a boulder beetle
  6118 | D:12     | Found a staircase to the Orcish Mines.
  6450 | D:4      | Found an ancient bone altar of Kikubaaqudgha.
  6656 | D:4      | Found a staircase to the Ecumenical Temple.
  6666 | Temple   | Entered the Ecumenical Temple
  6699 | Temple   | Became a worshipper of Vehumet
  6973 | D:12     | Noticed a boulder beetle
  6978 | D:12     | Mangled by a boulder beetle

Illustrated notes

Levels and vault maps discovered:
D:1:      dpeg_arrival_morbid_curiosity, layout_loops_ring,
          shapermc_ecumenical_altar_rom_forum
D:2:      minmay_general_purpose_star, layout_loops_ring, minmay_bisected
D:3:      layout_loops_ring, bh_walls_and_bars, uniq_jessica
D:4:      layout_rooms, mainiacjoe_overflow_tiny_flanked,
          minmay_temple_entry_drinking_statues
D:5:      layout_basic, lemuel_crystal_altar, serial_corexii_hall,
          corexii_hall_statues_deadend, corexii_hall_statues_i,
          minmay_misc_feat_doors
D:6:      layout_rooms, nicolae_uskayaw_suspiria, uniq_edmund, uniq_pikel
D:7:      layout_basic, kennysheep_mini_moat, nicolae_qazlal_style_of_elements,
          patterned_corridor
D:8:      layout_loops_ring, lemuel_doored_altar, enter_bailey_3
D:9:      layout_roguey, serial_bayou_pond_e
D:10:     layout_basic, nicolae_overflow_hallway_of_the_gods, erik_lair_dragon,
          nicolae_diode_stairs
D:11:     layout_grid_maze, minivault_14, minmay_evil_grid, uniq_psyche
D:12:     layout_layer_cave, orc_0_dummy
Temple:   nicolae_temple_bog_church

Skill      XL: |  1  2  3  4  5  6  7  8  9 10 11 12 |
---------------+-------------------------------------+-----
Spellcasting   | 3 4 5 6 8 10 12 13 | 13.3
Conjurations   | 1 2 3 4 |  4.0
Evocations     | 1 2 |  2.9
Ice Magic      | 5 6 8 9 11 13 | 13.0
Staves         | 1 2 |  2.3
Poison Magic   | 2 |  2.0
Fighting       | 1 2 3 4 5 |  5.6
Short Blades   | 1 2 4 6 7 |  7.0
Dodging        | 3 4 5 6 |  6.3
Stealth        | |  1.4

Action                   |  1- 3 |  4- 6 |  7- 9 | 10-12 || total
-------------------------+-------+-------+-------+-------++-------
Melee: Unarmed           |     4 |       |       |       ||     4
       Staff             |    10 |    33 |       |       ||    43
       Dagger            |       |     8 |    59 |   119 ||   186
       Punch             |       |       |     1 |       ||     1
 Cast: Freeze            |    23 |     1 |     5 |    28 ||    57
       Frozen Ramparts   |     5 |    21 |    26 |    36 ||    88
       Hailstorm         |       |       |     9 |    41 ||    50
Evoke: Wand              |       |       |     2 |     6 ||     8
  Use: Scroll            |     2 |       |    18 |     9 ||    29
       Potion            |       |       |       |     5 ||     5
Armor: Robe              |     8 |    10 |    14 |    17 ||    49
Dodge: Dodged            |    20 |    22 |    30 |    95 ||   167
Block: Other             |       |       |       |     2 ||     2
